 Dungeon Crawl Stone Soup version 0.23.2-40-g277498a001 (webtiles) character file.

Game seed: 14613070767613329027

64407 Htamos the Warrior (level 15, 0/103 HPs)
             Began as a Kobold Monk on Aug 24, 2019.
             Was an Elder of Trog.
             Slain by a wolf spider (2 damage)
             ... on level 6 of the Lair of Beasts.
             The game lasted 01:37:00 (30711 turns).

Htamos the Warrior (Kobold Monk)                   Turns: 30711, Time: 01:37:01

Health: 0/103      AC: 20    Str: 15    XL:     15   Next: 54%
Magic:  23/23      EV:  9    Int: 12    God:    Trog [****..]
Gold:   1791       SH: 15    Dex: 21    Spells: 14/14 levels left

rFire    . . .     SeeInvis +   G - +5 dagger (venom)
rCold    . . .     Gourm    .   H - +5 shield
rNeg     . . .     Faith    +   n - +0 plate armour
rPois    .         Spirit   .   S - +1 hat
rElec    .         Reflect  .   K - +2 cloak
rCorr    .         Harm     .   U - +2 pair of gloves
MR       +....                  (no boots)
Stlth    ++........             r - amulet of faith
HPRegen  0.27/turn              C - ring of see invisible
MPRegen  0.18/turn              V - +4 ring of strength

@: no status effects
A: small, carnivore
a: Berserk, Trog's Hand, Brothers in Arms, Renounce Religion


You were on level 6 of the Lair of Beasts.
You worshipped Trog.
Trog was greatly pleased with you.
You were full.

You visited 4 branches of the dungeon, and saw 22 of its levels.
You also visited: Ossuary.

You collected 2018 gold pieces.
You spent 227 gold pieces at shops.

Inventory:

Hand Weapons
 i - the +6 mace of Zacuvifo {drain, Dex+3}
   (You found it on level 10 of the Dungeon)

   A truly terrible weapon, it drains the life of those it strikes.
   It affects your dexterity (+3).
 k - a +3 long sword of electrocution
 G - a +5 dagger of venom (weapon)
Missiles
 w - 729 stones (quivered)
 x - 160 sling bullets
 I - 68 poisoned needles
Armour
 n - a +0 plate armour (worn)
 p - +0 acid dragon scales
 y - a scarf of resistance
 H - a +5 shield (worn)
 K - a +2 cloak (worn)
 S - a +1 hat (worn)
 U - a +2 pair of gloves (worn)
Jewellery
 l - an uncursed ring of wizardry
 r - an amulet of faith (around neck)
 C - a ring of see invisible (left hand)
 M - a +3 ring of intelligence
 N - an uncursed ring of magical power
 O - an uncursed ring of protection from fire
 P - an uncursed ring of stealth
 V - a +4 ring of strength (right hand)
 Y - a cursed ring of teleportation {unknown}
 Z - an uncursed ring of protection from magic {unknown}
Wands
 a - a wand of acid (10)
 v - a wand of polymorph (9)
 Q - a wand of random effects (19)
 W - a wand of flame (15)
 X - a wand of enslavement (7)
Scrolls
 e - 7 scrolls of teleportation
 f - 13 scrolls of remove curse
 m - 6 scrolls of magic mapping
 q - 13 scrolls of identify
 u - 2 scrolls of immolation
 T - 2 scrolls of fog
Potions
 b - a potion of ambrosia
 h - a potion of berserk rage
 j - 3 potions of degeneration
 o - 3 potions of lignification
 t - a potion of agility {unknown}
 z - 5 potions of curing
 A - 3 potions of might
 B - 5 potions of brilliance
 D - 3 potions of mutation
 F - 5 potions of haste
 J - a potion of magic
 L - 4 potions of flight
 R - a potion of heal wounds
Comestibles
 c - 62 rations


   Skills:
 + Level 15.4 Fighting
 - Level 11.6(13.1) Short Blades
 + Level 6.7(8.4) Long Blades
 + Level 6.9 Armour
 - Level 9.0 Dodging
 - Level 14.8 Stealth
 - Level 4.1 Shields
 - Level 11.9 Evocations


You had 14 spell levels left.
You didn't know any spells.
Your spell library was empty.

Dungeon Overview and Level Annotations

Branches:
Dungeon (14/15)            Temple (1/1) D:5            Lair (6/6) D:9
  Swamp (0/4) Lair:2       Spider (0/4) Lair:4          Orc (1/2) D:12
 Vaults (0/5) D:13
  Slime: Lair:5-6

Altars:
Ashenzari
Cheibriados
Dithmenos
Elyvilon
Fedhas
Gozag
Hepliaklqana
Kikubaaqudgha
Makhleb
Nemelex Xobeh
Okawaru
Qazlal
Ru
Sif Muna
Trog
Uskayaw
Vehumet
Wu Jian
Xom
Yredelemnul
Zin
The Shining One

Shops:
D:6 =   D:8 (

Annotations:
D:10 7 runed translucent doors, FishyPogo's ghost, journeyman DsNe; Jabberih's ghost, journeyman VSEn
Lair:5 2 transporters, PeSeC's ghost, journeyman MiFi


Innate Abilities, Weirdness & Mutations

You are small and have problems with some larger weapons.
You are carnivorous and can eat meat at any time.


Message History

* * * LOW HITPOINT WARNING * * *
The wolf spider bites you but does no damage.
You hit the wolf spider but do no damage.
The wolf spider is severely wounded.
You feel sick. The wolf spider completely misses you.
The wolf spider bites you.
* * * LOW HITPOINT WARNING * * *
Your shield and plate armour prevent you from hitting the wolf spider.
The wolf spider is severely wounded.
* * * LOW HITPOINT WARNING * * *
You feel sick.
The soldier ant twitches its antennae in your direction.
You block the wolf spider's attack. The wolf spider bites you!
* * * LOW HITPOINT WARNING * * *
You feel better. You block the wolf spider's attack.
The wolf spider bites you but does no damage.
The wolf spider hits you!
* * * LOW HITPOINT WARNING * * *
The wolf spider bites you.
You die...

.......................##P.###...
.##(...................####..P...
..#....................# ##.....
#...........)..........## ##....
.#......................# #.....
##........<.............## ##....
###................[.....# ##...
#######PPP.....†.........# #P...
.####.##..PP....@.<.....## ###...
.(..[..#....##...s......# #.....
..)[..##....##..........# #.#....
......#....##..P.......## # ##...
#....##...##...P.......# ##....
#....# ..##....P.......## #.#...
##..## ##.....#...a....# ##....
.#..# ##....###........#####....
.#..# ##...###.P.....<...##.#....


You could see a wolf spider and a soldier ant.

Vanquished Creatures
  Josephine (Lair:6)
  Harold (D:11)
  11 hydras
  A catoblepas (D:10)
  2 centaur warriors
  A vault guard (D:13)
  4 two-headed ogres
  3 death yaks (Lair:6)
  An orc high priest (Orc:1)
  Sonja (D:10)
  2 unseen horrors
  A deep elf knight (Orc:1)
  A fire crab (shapeshifter) (D:12)
  A wizard (D:13)
  3 necromancers (D:13)
  2 orc sorcerers (Orc:1)
  5 ugly things
  A deep elf mage (Orc:1)
  A wolf spider (Lair:6)
  3 cyclopes
  A salamander (shapeshifter) (D:13)
  A manticore (D:10)
  3 elephants (Lair:4)
  4 black mambas
  11 spiny frogs
  A gargoyle (D:11)
  A rime drake (Lair:3)
  3 komodo dragons
  A polar bear (Lair:2)
  A queen bee (D:8)
  A tyrant leech (Lair:2)
  2 trolls
  3 hornets
  6 hippogriffs
  A slime creature (D:12)
  4 dream sheep (Lair:5)
  17 blink frogs
  A wraith (Lair:6)
  17 wyverns
  21 yaks
  A vampire (D:12)
  A human (shapeshifter) (D:12)
  20 humans (D:13)
  A redback (Lair:4)
  A hungry ghost (D:12)
  A vampire mosquito (D:12)
  2 basilisks
  Grum (D:10)
  A steam dragon (D:11)
  5 swamp worms (Lair:2)
  7 soldier ants
  3 acid dragons
  5 water moccasins
  3 porcupines
  A black bear (D:10)
  3 ice beasts
  A hornet zombie (D:8)
  16 orc warriors
  A sky beast (D:8)
  7 ogres
  A phantom (D:13)
  A necrophage (D:10)
  An eye of draining (D:11)
  5 wolves
  5 centaurs
  10 crocodiles
  4 big kobolds
  3 elf zombies (Ossuary)
  9 bullfrogs
  2 wyvern zombies
  A wyvern skeleton (D:11)
  4 scorpions
  21 killer bees
  2 electric eels
  2 howler monkeys
  3 centaur zombies
  2 bullfrog zombies
  11 crimson imps
  2 quasits
  10 orc priests
  2 jellies
  2 gnoll shamans
  2 centaur skeletons
  5 hounds
  5 bullfrog skeletons
  5 iguanas
  19 orc wizards
  7 worker ants
  A hound zombie (Ossuary)
  3 mummies (Ossuary)
  11 gnolls
  7 adders
  4 shadow imps
  5 oozes
  3 adder skeletons
  5 adder zombies (Ossuary)
  2 worms
  2 dart slugs
  4 leopard geckos
  54 orcs
  14 bats
  2 giant cockroaches
  A gnoll zombie (Ossuary)
  8 goblins
  11 hobgoblins
  5 jackals (D:3)
  3 quokkas
  3 ball pythons
  9 frilled lizards
  8 goblin zombies (Ossuary)
  3 hobgoblin zombies (Ossuary)
  2 jackal skeletons
  3 jackal zombies (Ossuary)
  28 kobolds
  2 kobold zombies (Ossuary)
  A leopard gecko zombie (D:6)
  An orc zombie (Ossuary)
  2 quokka skeletons
  4 quokka zombies (Ossuary)
  10 rats
  3 rat zombies (Ossuary)
  A plant (Lair:5)
598 creatures vanquished.

Vanquished Creatures (collateral kills)
  Gastronok (D:10)
  A hydra (D:11)
  An ugly thing (D:11)
  A black mamba (Lair:6)
  2 gargoyles (D:10)
  2 spiny frogs (Lair:6)
  3 blink frogs
  A wyvern (Lair:6)
  3 wraiths (Lair:6)
  A sky beast (D:11)
  A water moccasin (Lair:6)
  An orc warrior (D:11)
  An eye of draining (D:12)
  An orc priest (Orc:1)
  2 orcs (Orc:1)
22 creatures vanquished.

Vanquished Creatures (others)
  A deep elf mage (D:12)
  An orc warrior (D:11)
  A sky beast (D:12)
  A bush (Lair:6)
  26 fungi
  48 plants
  2 withered plants (D:10)
80 creatures vanquished.

Grand Total: 700 creatures vanquished

Notes
Turn   | Place    | Note
-------+----------+-------------------------------------------
     0 | D:1      | Htamos the Kobold Monk began the quest for the Orb.
     0 | D:1      | Reached XP level 1. HP: 14/14 MP: 1/1
   194 | D:1      | Reached XP level 2. HP: 18/19 MP: 2/2
   455 | D:1      | Reached XP level 3. HP: 16/23 MP: 3/3
   930 | D:2      | Reached XP level 4. HP: 28/28 MP: 4/4
  1193 | D:2      | Found a shimmering altar of Xom.
  1198 | D:2      | Found a shimmering altar of Xom.
  1198 | D:2      | Found a shimmering altar of Xom.
  1198 | D:2      | Found a shimmering altar of Xom.
  1199 | D:2      | Found a shimmering altar of Xom.
  1199 | D:2      | Found a shimmering altar of Xom.
  2762 | D:3      | Reached XP level 5. HP: 29/33 MP: 5/5
  3189 | D:4      | Reached skill level 4 in Fighting
  3190 | D:4      | Noticed an ogre
  3253 | D:3      | Reached skill level 5 in Short Blades
  3253 | D:3      | Reached skill level 5 in Stealth
  3828 | D:4      | Killed an ogre
  3828 | D:4      | Reached XP level 6. HP: 39/39 MP: 6/6
  4457 | D:5      | Entered Level 5 of the Dungeon
  4544 | D:5      | Reached skill level 5 in Dodging
  4616 | D:5      | Found an ornate altar of the Wu Jian Council.
  4666 | D:5      | Reached XP level 7. HP: 44/44 MP: 7/7
  4781 | D:5      | Found a staircase to the Ecumenical Temple.
  4791 | Temple   | Entered the Ecumenical Temple
  4931 | Temple   | Became a worshipper of Trog the Wrathful
  4931 | Temple   | Reached * piety under Trog
  4931 | Temple   | Reached ** piety under Trog
  5764 | D:5      | Reached skill level 5 in Fighting
  5855 | D:6      | Noticed a cyclops
  5859 | D:6      | Killed a cyclops
  5859 | D:6      | Reached XP level 8. HP: 50/50 MP: 8/8
  5881 | D:6      | Paralysed by a centaur for 3 turns
  5950 | D:6      | Found a sand-covered staircase.
  5955 | Ossuary  | Entered an ossuary
  6085 | Ossuary  | Reached *** piety under Trog
  6329 | Ossuary  | Reached skill level 6 in Fighting
  6329 | Ossuary  | Reached XP level 9. HP: 38/55 MP: 9/9
  6641 | Ossuary  | Reached **** piety under Trog
  6641 | Ossuary  | Reached skill level 10 in Stealth
  7230 | D:6      | Found Rimoggay's Jewellery Boutique.
  7234 | D:6      | Bought an uncursed ring of stealth for 227 gold pieces
  8062 | D:7      | Found a glowing golden altar of the Shining One.
  8788 | D:8      | Reached skill level 7 in Fighting
  8794 | D:8      | Noticed a hippogriff
  8812 | D:8      | Killed a hippogriff
  8812 | D:8      | Reached XP level 10. HP: 45/63 MP: 10/10
  9036 | D:8      | Reached ***** piety under Trog
  9181 | D:8      | Found Ewaofrir's Weapon Emporium.
 10411 | D:9      | Reached skill level 8 in Fighting
 10653 | D:9      | Reached skill level 1 in Evocations
 10697 | D:9      | Reached skill level 1 in Shields
 10697 | D:9      | Reached XP level 11. HP: 69/69 MP: 10/12
 10700 | D:9      | Found a staircase to the Lair.
 10737 | D:9      | Reached skill level 10 in Short Blades
 10996 | D:10     | Entered Level 10 of the Dungeon
 11050 | D:10     | Noticed Sonja
 11052 | D:10     | Killed Sonja
 11171 | D:10     | Noticed Grum
 11197 | D:10     | Killed Grum
 11222 | D:10     | Found a runed translucent gate.
 11226 | D:10     | Found a runed translucent gate.
 11227 | D:10     | Found a runed translucent gate.
 11228 | D:10     | Noticed FishyPogo's ghost (journeyman DsNe)
 11228 | D:10     | Noticed Jabberih's ghost (journeyman VSEn)
 11242 | D:10     | Noticed Gastronok
 11464 | D:10     | Found a large runed translucent door.
 11465 | D:10     | Found a large runed translucent door.
 11467 | D:10     | Killed Gastronok
 11467 | D:10     | Reached skill level 9 in Fighting
 12092 | D:10     | Found a large runed translucent door.
 12092 | D:10     | Found a large runed translucent door.
 12114 | D:10     | Noticed an orc knight
 12221 | D:10     | Noticed a catoblepas
 12224 | D:10     | Killed a catoblepas
 12281 | D:10     | Noticed a manticore
 12305 | D:10     | Killed a manticore
 12581 | D:10     | Got a slimy mace
 12583 | D:10     | Identified the +6 mace of Zacuvifo {drain, Dex+3} (You
                  | found it on level 10 of the Dungeon)
 12661 | D:11     | Noticed Harold
 12665 | D:11     | Killed Harold
 12717 | D:11     | Noticed a cyan ugly thing
 12738 | D:11     | Killed a cyan ugly thing
 12739 | D:11     | Reached skill level 5 in Evocations
 13122 | D:11     | Noticed a cyan ugly thing
 13129 | D:11     | Killed a cyan ugly thing
 13129 | D:11     | Reached XP level 12. HP: 76/76 MP: 10/15
 13255 | D:11     | Noticed an unseen horror
 13264 | D:11     | Killed an unseen horror
 13410 | D:11     | Received a gift from Trog
 13589 | D:11     | Reached skill level 10 in Fighting
 13804 | D:11     | Noticed a five-headed hydra
 13807 | D:11     | Killed a five-headed hydra
 14258 | D:12     | Found an opulent altar of Gozag.
 14260 | D:12     | Noticed a centaur warrior
 14294 | D:12     | Killed a centaur warrior
 14463 | D:12     | Noticed a four-headed hydra
 14479 | D:12     | Noticed a four-headed hydra
 14480 | D:12     | Noticed a two-headed ogre
 14483 | D:12     | Noticed a death drake
 14483 | D:12     | a two-headed ogre changed into a death drake
 14644 | D:11     | Reached skill level 11 in Fighting
 14966 | D:12     | Received a gift from Trog
 15036 | D:11     | Killed a four-headed hydra
 15036 | D:11     | Reached XP level 13. HP: 59/84 MP: 19/19
 15383 | D:12     | Noticed a four-headed hydra
 15648 | D:12     | Killed a four-headed hydra
 15877 | D:12     | Found a staircase to the Orcish Mines.
 16304 | D:12     | Reached skill level 12 in Fighting
 16304 | D:12     | Reached skill level 10 in Evocations
 16737 | D:12     | Noticed a six-headed hydra
 16741 | D:12     | Killed a six-headed hydra
 16998 | D:13     | Noticed a centaur warrior
 17067 | D:12     | Killed a four-headed hydra
 17157 | Orc:1    | Entered Level 1 of the Orcish Mines
 17857 | Orc:1    | Reached skill level 13 in Fighting
 18801 | Orc:1    | Noticed an orc warlord
 20226 | D:13     | Reached skill level 1 in Armour
 20698 | D:13     | Reached skill level 1 in Long Blades
 21454 | D:13     | Reached XP level 14. HP: 79/94 MP: 22/22
 21673 | D:13     | Received a gift from Trog
 22236 | D:13     | Found a gate to the Vaults.
 22315 | D:13     | Reached skill level 14 in Fighting
 22659 | Lair:1   | Entered Level 1 of the Lair of Beasts
 25382 | Lair:2   | Found a staircase to the Swamp.
 25587 | Lair:3   | Received a gift from Trog
 26434 | Lair:4   | Found a hole to the Spider Nest.
 26659 | Lair:4   | Reached skill level 5 in Armour
 26812 | Lair:4   | Reached skill level 5 in Long Blades
 27753 | Lair:5   | Reached XP level 15. HP: 68/101 MP: 23/23
 28598 | Lair:5   | Identified the +1 demon trident "Ehoqowka" {vamp, Str+2}
 28603 | Lair:5   | Noticed PeSeC's ghost (journeyman MiFi)
 28609 | Lair:5   | Found a transporter.
 28611 | Lair:5   | Found a transporter.
 28692 | Lair:5   | You fall through a shaft!
 28692 | Lair:6   | Entered Level 6 of the Lair of Beasts
 28783 | Lair:6   | Reached skill level 15 in Fighting
 29337 | Lair:6   | Noticed Josephine
 29359 | Lair:6   | Killed Josephine
 30711 | Lair:6   | HP: 2/103 [wolf spider (12)]
 30711 | Lair:6   | Slain by a wolf spider

Skill      XL: |  1  2  3  4  5  6  7  8  9 10 11 12 13 14 15 |
---------------+----------------------------------------------+-----
Stealth        | 3 4 5 6 8 9 11 13 14 | 14.8
Dodging        | 4 5 6 8 9 |  9.0
Fighting       | 4 5 6 7 8 9 11 13 14 15 | 15.4
Short Blades   | 5 6 7 8 9 11 | 11.6
Evocations     | 1 5 8 11 | 11.9
Shields        | 1 3 4 |  4.1
Armour         | 1 5 6 |  6.9
Long Blades    | 1 5 6 |  6.7

Action                   |  1- 3 |  4- 6 |  7- 9 | 10-12 | 13-15 || total
-------------------------+-------+-------+-------+-------+-------++-------
Melee: Short sword       |   132 |   228 |       |       |       ||   360
       Dagger            |       |    43 |   589 |   805 |   537 ||  1974
       Long sword        |       |       |       |       |   785 ||   785
Invok: Trog's Hand       |       |       |       |     1 |     9 ||    10
       Brothers in Arms  |       |       |       |     9 |     6 ||    15
       Berserk           |       |       |       |       |    13 ||    13
Evoke: Wand              |       |       |       |    36 |    45 ||    81
       Phantom mirror    |       |       |       |       |     1 ||     1
  Use: Potion            |       |     5 |     1 |     1 |    11 ||    18
       Scroll            |       |     6 |    13 |    12 |    14 ||    45
 Stab: Sleeping          |     1 |     7 |    24 |    42 |    17 ||    91
       Distracted        |       |     1 |       |     1 |     4 ||     6
       Paralysed         |       |       |       |     2 |       ||     2
  Eat: Chunk             |     9 |    12 |    11 |    28 |    66 ||   126
Armor: Scale mail        |    48 |     3 |   162 |   122 |    28 ||   363
       Robe              |       |    34 |     4 |       |       ||    38
       Plate armour      |       |       |       |       |   319 ||   319
       Skin              |       |       |       |       |    37 ||    37
Dodge: Dodged            |    76 |   248 |   186 |   186 |   306 ||  1002
Block: Shield            |       |     9 |   160 |   300 |   829 ||  1298
       Rpst.: Long sword |       |       |       |       |    50 ||    50
